 Dungeon Crawl Stone Soup version 0.18.0-2-g198d6d4 (webtiles) character file.

171 Chiseanne the Magician (level 5, -4/35 HPs)
             Began as a Demonspawn Wizard on May 5, 2016.
             Was an Initiate of Vehumet.
             Slain by a phantom (7 damage)
             ... on level 3 of the Dungeon.
             The game lasted 00:06:46 (4561 turns).

Chiseanne the Magician (Demonspawn Wizard)          Turns: 4561, Time: 00:06:47

Health: -4/35      AC:  6    Str:  8    XL:     5   Next: 26%
Magic:  4/20       EV: 12    Int: 20    God:    Vehumet [......]
Gold:   122        SH:  0    Dex: 11    Spells: 5 memorised, 1 level left

rFire  . . .     SeeInvis .     r - +0 dagger
rCold  + . .     Gourm    .     a - +0 robe
rNeg   . . .     Faith    .     (no shield)
rPois  .         Spirit   .     b - +0 hat
rElec  .         Dismiss  .     (no cloak)
rCorr  .         Reflect  .     (no gloves)
SustAt .         Harm     .     (no boots)
MR     .....                    (no amulet)
Stlth  ++........               (no ring)
                                i - ring of magical power

@: repel missiles, not resistant to hostile enchantments, unstealthy
A: iridescent scales 1, cold resistance 1, rot immunity
a: Renounce Religion


You were on level 3 of the Dungeon.
You worshipped Vehumet.
Vehumet was noncommittal.
You were not hungry.

You visited 1 branch of the dungeon, and saw 4 of its levels.

You collected 122 gold pieces.

Inventory:

Hand Weapons
 r - a +0 dagger (weapon)
Missiles
 f - 201 stones (quivered)
 m - 24 sling bullets
 n - 28 bolts
 p - 80 arrows
Armour
 a - a +0 robe (worn)
 b - a +0 hat (worn)
Jewellery
 i - a ring of magical power (left hand)
Scrolls
 e - 2 scrolls of blinking
 o - a scroll of remove curse
 q - 2 scrolls of teleportation
 u - a scroll of identify
Potions
 h - a potion of agility
 j - a potion of haste
 k - 2 potions of heal wounds
 l - 2 potions of might
Books
 c - a book of Minor Magic

   Spells                             Type                      Level
   a - Magic Dart                     Conjuration                  1
   b - Blink                          Translocation                2
   c - Call Imp                       Summoning                    2
   d - Repel Missiles                 Charms/Air                   2
   e - Slow                           Hexes                        2
   f - Conjure Flame                  Conjuration/Fire             3
   g - Mephitic Cloud                 Conjuration/Poison/Air       3
Comestibles
 d - 2 bread rations
 g - 2 beef jerkies
 s - a meat ration
 t - a chunk of flesh


   Skills:
 - Level 1.7 Dodging
 - Level 1.7 Stealth
 * Level 4.3 Spellcasting
 * Level 3.8 Conjurations
   Level 1.0 Summonings
 - Level 0.8 Translocations


You had one spell level left.
You knew the following spells:

 Your Spells              Type           Power        Failure   Level  Hunger
a - Magic Dart            Conj           ###.         2%          1    None
b - Blink                 Tloc           N/A          17%         2    #......
c - Repel Missiles        Chrm/Air       #.....       21%         2    #......
d - Mephitic Cloud        Conj/Pois/Air  #.......     24%         3    ###....
e - Conjure Flame         Conj/Fire      ##......     17%         3    ###....


Dungeon Overview and Level Annotations

Branches:
Dungeon (4/15)
 Temple: D:4-7

Altars:
Ashenzari
Cheibriados
Dithmenos
Fedhas
Makhleb
Qazlal
Sif Muna
Trog
Vehumet
Xom


Innate Abilities, Weirdness & Mutations

You are partially covered in iridescent scales (AC +4).
Your flesh is cold resistant.
You are immune to rotting.


Message History

The phantom hits you.
* * * LOW HITPOINT WARNING * * *
Casting: Magic Dart
Confirm with . or Enter, or press ? or * to list all spells.
Aiming: Magic Dart
Press: ? - help, Shift-Dir - straight line, f/p - phantom
Aim: a phantom (almost destroyed)
The magic dart hits the phantom.
The phantom is almost destroyed.
The phantom hits you!
* * * LOW HITPOINT WARNING * * *
Casting: Magic Dart
Confirm with . or Enter, or press ? or * to list all spells.
Aiming: Magic Dart
Press: ? - help, Shift-Dir - straight line, f/p - phantom
Aim: a phantom (almost destroyed)
The magic dart hits the phantom.
The phantom is almost destroyed.
The phantom hits you!
You die...

#.#########.......###.###.#.##.##
#...§...§.<......................
..#.###.............[.###.#....##
.##.# #.........>................
W...# #.......##÷########.###.###
#######.##.#.###.....# #........
........##.#.#.......# ####.....
#.######...#.#.......# #####.
#.###.#..@...## #. #.....#..W...#
## #####........###### ####
#####.)...........# #...
#..................# #...
#.####.............# #...
#.............# #...
#.............# #...
#.............# #...


You could see a phantom.

Vanquished Creatures
  A worker ant (D:3)
  8 adders
  An ooze (D:2)
  3 worms
  A dart slug (D:3)
  2 giant geckos
  7 bats
  A giant cockroach (D:3)
  7 goblins
  7 hobgoblins
  4 jackals (D:1)
  2 quokkas
  A ball python (D:2)
  4 giant newts
  7 kobolds
  9 rats
65 creatures vanquished.

Notes
Turn   | Place    | Note
--------------------------------------------------------------
     0 | D:1      | Chiseanne the Demonspawn Wizard began the quest for the Orb.
     0 | D:1      | Reached XP level 1. HP: 13/13 MP: 4/4
   537 | D:2      | Gained mutation: You are partially covered in iridescent scales (AC +4). [demonic ancestry]
   537 | D:2      | Reached XP level 2. HP: 8/19 MP: 1/6
   937 | D:2      | Learned a level 2 spell: Blink
   940 | D:2      | Learned a level 2 spell: Repel Missiles
  1077 | D:2      | Reached XP level 3. HP: 24/24 MP: 3/7
  2429 | D:2      | Found a shadowy altar of Dithmenos.
  2434 | D:2      | Found a bloodstained altar of Trog.
  2461 | D:2      | Gained mutation: You are immune to rotting. [demonic ancestry]
  2461 | D:2      | Reached XP level 4. HP: 30/30 MP: 4/9
  2865 | D:3      | Reached skill level 4 in Spellcasting
  3599 | D:3      | Found a snail-covered altar of Cheibriados.
  3606 | D:3      | Found a blossoming altar of Fedhas.
  3613 | D:3      | Found a shimmering altar of Xom.
  3620 | D:3      | Found a deep blue altar of Sif Muna.
  3625 | D:3      | Found a stormy altar of Qazlal.
  3632 | D:3      | Found a radiant altar of Vehumet.
  3637 | D:3      | Found a burning altar of Makhleb.
  3645 | D:3      | Became a worshipper of Vehumet
  3947 | D:3      | Gained mutation: Your flesh is cold resistant. [demonic ancestry]
  3947 | D:3      | Reached XP level 5. HP: 26/35 MP: 2/11
  4223 | D:3      | Found a shattered altar of Ashenzari.
  4390 | D:3      | Noticed a phantom
  4396 | D:3      | Learned a level 3 spell: Mephitic Cloud
  4400 | D:3      | Learned a level 3 spell: Conjure Flame
  4561 | D:3      | Slain by a phantom

Skill      XL: |  1  2  3  4 |
---------------+-------------+-----
Conjurations   | 2 3 |  3.8
Spellcasting   | 4 |  4.3
Dodging        | |  1.7
Stealth        | |  1.7
Summonings     | |  1.0
Translocations | |  0.8

Action                   |  1- 3 |  4- 6 || total
-------------------------+-------+-------++-------
Melee: Club              |    36 |       ||    36
       Unarmed           |     2 |       ||     2
       Dagger            |     1 |    13 ||    14
 Cast: Magic Dart        |    88 |   130 ||   218
       Repel Missiles    |     2 |     1 ||     3
  Use: Scroll            |       |     9 ||     9
 Stab: Sleeping          |     1 |       ||     1
  Eat: Chunk             |     4 |     7 ||    11
Armor: Robe              |    16 |     6 ||    22
Dodge: Dodged            |    58 |    15 ||    73
       Deflected         |     2 |     1 ||     3
